 Dungeon Crawl Stone Soup version 0.29.1-1-gd02db6906a (webtiles) character file.

Game seed: 11419842538376196642

358 sankara the Chopper (level 6, -2/56 HPs)
             Began as a Hill Orc Fighter on Oct 20, 2022.
             Succumbed to an orange demon's poison
             ... on level 1 of the Abyss.
             The game lasted 00:04:17 (3324 turns).

sankara the Chopper (Hill Orc Fighter)              Turns: 3324, Time: 00:04:18

Health: -2/56      AC: 12    Str: 19    XL:     6   Next: 64%
Magic:  6/6        EV:  5    Int:  8    God:
Gold:   105        SH:  5    Dex: 12    Spells: 5/5 levels left

rFire   . . .      SeeInvis .   a - +0 war axe
rCold   . . .      Faith    .   c - +0 buckler
rNeg    . . .      Spirit   .   w - +0 plate armour
rPois   .          Reflect  .   (no helmet)
rElec   .          Harm     .   t - scarf {repulsion}
rCorr   .          Rampage  .   (no gloves)
Will    .....                   (no boots)
Stlth   ..........              (no amulet)
HPRegen 0.18/turn               v - ring of wizardry
MPRegen 0.10/turn               (no ring)

@: mighty, lethally poisoned (-2 -> -42), weakened, repel missiles
A: no striking features
a: no special abilities


You were on level 1 of the Abyss.
You visited 1 branch of the dungeon, and saw 3 of its levels.
You visited the Abyss 1 time.

You collected 105 gold pieces.

Inventory:

Hand Weapons
 a - a +0 war axe (weapon)
Missiles
 f - 28 stones (quivered)
 s - 2 poisoned darts
Armour
 c - a +0 buckler (worn)
 t - a scarf of repulsion (worn)
 w - a +0 plate armour (worn)
Jewellery
 v - a ring of wizardry (left hand)
Wands
 u - a wand of flame (17)
Scrolls
 b - a scroll of noise {unknown}
 g - a scroll of summoning {unknown}
 j - a scroll of enchant armour {unknown}
 k - a scroll of butterflies {unknown}
 l - a scroll of identify {unknown}
 p - a scroll of magic mapping {unknown}
 q - 2 scrolls of teleportation {unknown}
Potions
 e - a potion of lignification {unknown}
 h - 2 potions of resistance {unknown}
 i - 3 potions of degeneration {unknown}
 m - a potion of heal wounds {unknown}
 n - a potion of curing {unknown}
 o - 3 potions of haste {unknown}
 r - a potion of brilliance {unknown}


   Skills:
 + Level 5.2 Fighting
 * Level 6.3 Axes
 + Level 4.7 Armour
 - Level 4.0 Shields


You had 5 spell levels left.
You didn't know any spells.
Your spell library contained the following spells:

 Spells                   Type           Power      Damage    Failure   Level
 Blink                    Tloc           0%         N/A       100%        2
 Manifold Assault         Tloc           0%         N/A       100%        5
 Storm Form               Tmut/Air       0%         N/A       100%        7


Dungeon Overview and Level Annotations

Branches:
Dungeon (3/15)

Altars:
Xom

Annotations:
D:3 Crazy Yiuf


Message History

You feel very mighty all of a sudden. You block the orange demon's attack.
The orange demon hits you but does no damage.
A crimson imp comes into view.
You hit the orange demon.
The orange demon is lightly wounded.
The orange demon stings you.
You are poisoned.
The orange demon poisons you! You block the orange demon's attack.
You hit the orange demon.
The orange demon is lightly wounded.
You closely miss the crimson imp.
You feel extremely sick. The orange demon stings you!
The orange demon hits you but does no damage.
You block the crimson imp's attack.
You barely miss the orange demon.
The orange demon is lightly wounded.
You miss the crimson imp.
You feel very sick. The orange demon stings you!
The orange demon hits you but does no damage.
The crimson imp hits you but does no damage.
You slash the orange demon!
The orange demon is moderately wounded.
You hit the crimson imp.
You feel very sick.
The orange demon stings you but does no damage.
The orange demon hits you.
You feel your attacks grow feeble. The crimson imp barely misses you.
The orange demon stings you!
* * * LOW HITPOINT WARNING * * *
You are more poisoned.
The orange demon poisons you!
The orange demon hits you but does no damage.
The crimson imp barely misses you.
You hit the orange demon.
The orange demon is heavily wounded.
You hit the crimson imp.
You die...

..... . ...# # .
.. # #..# #.
..###..#.##...#.
#
......#.....####
..#..#..#..#...4#
#..#.#.#.......4#
#..... . ##.. #@#
# ... ...#...#5#
# # #.#####..##..
.... #.#. ####
.... #....#..#
.##.# #.. ###.#
## . # #.# .# ##
.. . #.


You could see an orange demon and a crimson imp.

Vanquished Creatures
  Sigmund (D:2)
  2 orc wizards (D:3)
  3 gnolls (D:3)
  6 adders
  2 worms
  2 orcs (D:3)
  4 endoplasms
  6 giant cockroaches
  3 goblins
  7 hobgoblins
  5 quokkas
  4 ball pythons
  8 bats
  6 frilled lizards
  2 kobolds (D:2)
  4 rats
65 creatures vanquished.

Vanquished Creatures (others)
  A hobgoblin (D:3)
1 creature vanquished.

Grand Total: 66 creatures vanquished

Notes
Turn   | Place    | Note
-------+----------+-------------------------------------------
     0 | D:1      | sankara the Hill Orc Fighter began the quest for the Orb.
     0 | D:1      | Reached XP level 1. HP: 19/19 MP: 1/1
    63 | D:1      | Found a faded altar of an unknown god.
   299 | D:1      | Reached skill level 3 in Axes
   348 | D:1      | You fall into a shaft and drop 1 floor!
   360 | D:2      | Reached XP level 2. HP: 18/27 MP: 2/2
  1031 | D:2      | Reached XP level 3. HP: 31/33 MP: 3/3
  1248 | D:2      | Reached skill level 4 in Axes
  1263 | D:2      | Noticed Sigmund
  1272 | D:2      | Killed Sigmund
  1273 | D:2      | Reached skill level 5 in Axes
  1273 | D:2      | Reached XP level 4. HP: 16/41 MP: 4/4
  1273 | D:2      | Reached XP level 5. HP: 19/47 MP: 5/5
  1714 | D:2      | Reached XP level 6. HP: 55/55 MP: 6/6
  2072 | D:3      | Reached skill level 5 in Fighting
  2072 | D:3      | Reached skill level 6 in Axes
  2603 | D:3      | Found a runed translucent door.
  2604 | D:3      | Noticed Crazy Yiuf
  2766 | D:3      | Found a shimmering altar of Xom.
  3277 | Abyss:1  | Cast into level 1 of the Abyss (Crazy Yiuf)
  3314 | Abyss:1  | Noticed an orange demon
  3324 | Abyss:1  | Succumbed to an orange demon's poison

Illustrated notes

Levels and vault maps discovered:
D:1:      dpeg_arrival_three_same_balls, layout_loops_ring,
          shapermc_ecumenical_altar_starsandcircs, minivault_24
D:2:      layout_loops_ring, uniq_sigmund
D:3:      layout_loops_corners, xom_confusion_cloud, grunt_ministairs_14,
          uniq_crazy_yiuf_cottage
Abyss:1:  base:
D:3

Skill      XL: |  1  2  3  4  5  6 |
---------------+-------------------+-----
Axes           | 3 5 6 |  6.3
Fighting       | 4 5 |  5.2
Armour         | 4 |  4.7
Shields        | 4 |  4.0

Action                   |  1- 3 |  4- 6 || total
-------------------------+-------+-------++-------
Melee: War axe           |    71 |   126 ||   197
  Use: Potion            |     1 |     1 ||     2
Armor: Scale mail        |    21 |       ||    21
       Chain mail        |    21 |    70 ||    91
       Plate armour      |       |    10 ||    10
Dodge: Dodged            |    29 |    49 ||    78
       Repelled          |       |     2 ||     2
Block: Buckler           |     8 |    29 ||    37
